 Dungeon Crawl Stone Soup version 0.28-a0-657-g71136c5590 (webtiles) character file.

Game seed: 3263114832183298088

1163 lawman0 the Covert (level 8, -2/67 HPs)
             Began as a Gnoll Delver on Oct 13, 2021.
             Was a Believer of Fedhas.
             Slain by a black bear (8 damage)
             ... on level 6 of the Dungeon.
             The game lasted 00:09:33 (5897 turns).

lawman0 the Covert (Gnoll Delver)                   Turns: 5897, Time: 00:09:35

Health: -2/67      AC:  6    Str: 12    XL:     8   Next: 40%
Magic:  21/21      EV: 13    Int: 17    God:    Fedhas [**....]
Gold:   290        SH:  0    Dex: 14    Spells: 7/13 levels left

rFire   + . .      SeeInvis .   a - +1 mace (vorpal)
rCold   . . .      Faith    .   (no shield)
rNeg    . . .      Spirit   .   l - +0 leather armour {rF+}
rPois   .          Reflect  .   (no helmet)
rElec   .          Harm     .   d - +0 cloak
rCorr   .          Rampage  .   h - +0 pair of gloves
Will    .....      Rnd*Tele +   u - +0 pair of boots
Stlth   ++++......              (no amulet)
HPRegen 0.21/turn               n - +6 ring of intelligence
MPRegen 0.17/turn               x - ring of magical power

@: unable to read
A: fangs 1, strong nose, distributed training, hooves 1, teleportitis 1,
inability to read while threatened
a: Renounce Religion, Wall of Briars


You were on level 6 of the Dungeon.
You worshipped Fedhas.
Fedhas was pleased with you.
You visited 2 branches of the dungeon, and saw 7 of its levels.

You collected 290 gold pieces.

Inventory:

Hand Weapons
 a - a +1 vorpal mace (weapon)
 b - a +0 hunting sling
Missiles
 i - 24 poisoned darts (quivered)
 m - 39 sling bullets
 C - 3 javelins
Armour
 d - a +0 cloak (worn)
 h - a +0 pair of gloves (worn)
 l - a +0 leather armour of fire resistance (worn)
 u - a +0 pair of boots (worn)
Jewellery
 k - a ring of fire
 n - a +6 ring of intelligence (left hand)
 x - a ring of magical power (right hand)
 G - a ring of fire
Wands
 g - a wand of digging (5)
 z - a wand of iceblast (2)
 H - a wand of flame (19)
Scrolls
 c - a scroll of fog
 e - 2 scrolls of fear
 o - a scroll of vulnerability
 p - a scroll of enchant weapon
 q - 3 scrolls of noise
 r - 2 scrolls of magic mapping
 s - 2 scrolls of amnesia
 y - a scroll of summoning
Potions
 f - a potion of degeneration {unknown}
 j - 2 potions of mutation
 t - a potion of invisibility
 v - a potion of brilliance
 w - a potion of magic {unknown}
 A - a potion of might {unknown}
 B - a potion of attraction {unknown}
 D - a potion of curing {unknown}
 E - 3 potions of heal wounds {unknown}
 F - 2 potions of lignification {unknown}


   Skills:
 + Level 7.3 Fighting
 + Level 3.2 Short Blades
 + Level 3.2 Long Blades
 + Level 3.2 Axes
 + Level 5.6 Maces & Flails
 + Level 3.2 Polearms
 + Level 3.2 Staves
 + Level 3.2 Slings
 + Level 3.2 Bows
 + Level 3.2 Crossbows
 + Level 3.2 Throwing
 + Level 3.2 Armour
 + Level 5.6 Dodging
 + Level 10.1 Stealth
 + Level 3.2 Shields
 + Level 3.2 Unarmed Combat
 + Level 3.2 Spellcasting
 + Level 2.6 Conjurations
 + Level 2.6 Hexes
 + Level 2.6 Summonings
 + Level 2.6 Necromancy
 + Level 2.6 Translocations
 + Level 2.6 Transmutations
 + Level 2.6 Fire Magic
 + Level 2.6 Ice Magic
 + Level 2.6 Air Magic
 + Level 2.6 Earth Magic
 + Level 2.6 Poison Magic
 + Level 3.5 Invocations
 + Level 3.2 Evocations


You had 7 spell levels left.
You knew the following spells:

 Your Spells              Type           Power      Damage    Failure   Level
a - Gell's Gravitas       Tloc           5%         N/A       22%         3
b - Teleport Other        Tloc           11%        N/A       22%         3

Your spell library contained the following spells:

 Spells                   Type           Power      Damage    Failure   Level
 Sandblast                Erth           22%        2d7       8%          1
 Passwall                 Tmut/Erth      9%         N/A       11%         2
 Call Canine Familiar     Summ           11%        N/A       22%         3
 Lesser Beckoning         Tloc           11%        N/A       22%         3
 Portal Projectile        Hex/Tloc       22%        N/A       22%         3
 Stone Arrow              Conj/Erth      22%        3d8       22%         3
 Leda's Liquefaction      Hex/Erth       5%         N/A       58%         4


Dungeon Overview and Level Annotations

Branches:
Dungeon (6/15)             Temple (1/1) D:4

Altars:
Dithmenos
Elyvilon
Fedhas
Gozag
Hepliaklqana
Kikubaaqudgha
Makhleb
Nemelex Xobeh
Okawaru
Qazlal
Ru
Sif Muna
Trog
Uskayaw
Vehumet
Zin
The Shining One

Shops:
D:5 (

Annotations:
D:2 1 runed translucent door, Crazy Yiuf


Innate Abilities, Weirdness & Mutations

You have very sharp teeth.
Your uncanny sense of smell can sniff out nearby items.
Your experience applies equally to all skills.
You have large cloven feet.
You are occasionally teleported next to monsters.
You sometimes lose the ability to read scrolls when taking damage.


Message History

You are too injured to fight recklessly!
You hit the black bear.
The black bear is severely wounded.
The black bear goes berserk!
You are too injured to fight recklessly!
You barely miss the black bear.
The black bear is severely wounded.
The black bear bites you but does no damage.
The black bear claws you. x2
You sock the black bear! Your bite misses the black bear.
The black bear is almost dead.
The black bear completely misses you.
The black bear claws you but does no damage.
The black bear barely misses you. The black bear bites you.
* * * LOW HITPOINT WARNING * * *
The black bear barely misses you. The black bear claws you.
* * * LOW HITPOINT WARNING * * *
You completely miss the black bear.
You bite the black bear, but do no damage.
The black bear is almost dead.
The black bear misses you. The black bear claws you.
* * * LOW HITPOINT WARNING * * *
The black bear barely misses you. The black bear closely misses you.
The black bear barely misses you. x2
You barely miss the black bear.
The black bear is almost dead.
The black bear misses you.
The black bear claws you but does no damage.
The black bear claws you.
* * * LOW HITPOINT WARNING * * *
Unknown command.
It was a potion of mutation.
You feel extremely strange.
You lose the ability to read scrolls when threatened.
You feel weirdly uncertain.
Your feet thicken and deform.
The black bear closely misses you.
The black bear claws you but does no damage. x2
The black bear bites you!
You feel threatened and lose the ability to read scrolls!
You die...
Fedhas appreciates your contribution to the ecosystem.

......# #.....
#.... ###.#.#
#.....
#....###########
#......#.h......
#......#@#
#...)..#.##
###+#.....#
#<.#### #### ∆ ∆


You could see a black bear (berserk).

Vanquished Creatures
  Sigmund (D:6)
  A black bear (D:4)
  2 necrophages
  3 ogres
  2 water moccasin skeletons
  2 hounds
  A centaur skeleton (D:4)
  An orc priest (D:4)
  A jelly (D:5)
  2 iguanas
  3 gnolls
  4 adders
  A shadow imp (D:5)
  A white imp (D:5)
  An ufetubus (D:5)
  A worm (D:5)
  A dart slug (D:4)
  6 orcs
  7 endoplasms
  2 giant cockroaches
  11 goblins
  12 hobgoblins
  10 jackals
  3 quokkas
  A ball python (D:4)
  8 bats
  3 frilled lizards (D:1)
  7 kobolds
  5 rats
103 creatures vanquished.

Notes
Turn   | Place    | Note
-------+----------+-------------------------------------------
     0 | D:5      | Reached skill level 9 in Stealth
     0 | D:5      | lawman0 the Gnoll Delver began the quest for the Orb.
     0 | D:5      | Reached XP level 1. HP: 23/23 MP: 1/1
    17 | D:5      | Noticed an ogre
    35 | D:5      | Reached XP level 2. HP: 18/29 MP: 2/2
    45 | D:5      | Noticed a necrophage
   187 | D:5      | Reached skill level 1 in Invocations
   187 | D:5      | Reached XP level 3. HP: 16/35 MP: 2/4
   208 | D:5      | Reached skill level 1 in Short Blades
   208 | D:5      | Reached skill level 1 in Long Blades
   208 | D:5      | Reached skill level 1 in Axes
   208 | D:5      | Reached skill level 1 in Polearms
   208 | D:5      | Reached skill level 1 in Staves
   208 | D:5      | Reached skill level 1 in Slings
   208 | D:5      | Reached skill level 1 in Bows
   208 | D:5      | Reached skill level 1 in Crossbows
   208 | D:5      | Reached skill level 1 in Throwing
   208 | D:5      | Reached skill level 1 in Armour
   208 | D:5      | Reached skill level 1 in Shields
   208 | D:5      | Reached skill level 1 in Unarmed Combat
   208 | D:5      | Reached skill level 1 in Spellcasting
   208 | D:5      | Reached skill level 1 in Evocations
   216 | D:5      | Found Dagijaup's Weapon Emporium.
   226 | D:5      | Found a stormy altar of Qazlal.
   534 | D:4      | Reached XP level 4. HP: 25/41 MP: 5/5
   671 | D:4      | Found a staircase to the Ecumenical Temple.
   677 | D:4      | Noticed a necrophage
   683 | Temple   | Entered the Ecumenical Temple
   742 | Temple   | Became a worshipper of Fedhas Madash
   969 | D:3      | Reached skill level 1 in Conjurations
   969 | D:3      | Reached skill level 1 in Hexes
   969 | D:3      | Reached skill level 1 in Summonings
   969 | D:3      | Reached skill level 1 in Necromancy
   969 | D:3      | Reached skill level 1 in Translocations
   969 | D:3      | Reached skill level 1 in Transmutations
   969 | D:3      | Reached skill level 1 in Fire Magic
   969 | D:3      | Reached skill level 1 in Ice Magic
   969 | D:3      | Reached skill level 1 in Air Magic
   969 | D:3      | Reached skill level 1 in Earth Magic
   969 | D:3      | Reached skill level 1 in Poison Magic
  1225 | D:2      | Learned a level 3 spell: Call Canine Familiar
  1364 | D:2      | Found a runed translucent door.
  1365 | D:2      | Noticed Crazy Yiuf
  1812 | D:1      | Reached XP level 5. HP: 47/47 MP: 6/6
  2238 | D:1      | Reached * piety under Fedhas
  2901 | D:3      | Found a white marble altar of Elyvilon.
  3164 | D:3      | Found an opulent altar of Gozag.
  3470 | D:3      | Noticed an ogre
  3482 | D:3      | Killed an ogre
  3483 | D:3      | Reached XP level 6. HP: 39/53 MP: 8/8
  3784 | D:4      | Reached skill level 5 in Maces & Flails
  3784 | D:4      | Reached skill level 5 in Dodging
  4089 | D:4      | Noticed a black bear
  4099 | D:4      | Killed a black bear
  4100 | D:4      | Reached XP level 7. HP: 58/59 MP: 10/10
  4581 | D:4      | Reached ** piety under Fedhas
  4620 | D:4      | Learned a level 3 spell: Gell's Gravitas
  4624 | D:4      | Learned a level 3 spell: Teleport Other
  4960 | D:5      | Reached skill level 10 in Stealth
  5220 | D:5      | Reached XP level 8. HP: 61/67 MP: 12/12
  5866 | D:6      | Noticed Sigmund
  5870 | D:6      | Killed Sigmund
  5897 | D:6      | Gained mutation: You sometimes lose the ability to read
                  | scrolls when taking damage. [potion of mutation]
  5897 | D:6      | Gained mutation: You are occasionally teleported next to
                  | monsters. [potion of mutation]
  5897 | D:6      | Gained mutation: You have large cloven feet. [potion of
                  | mutation]
  5897 | D:6      | Slain by a black bear

Illustrated notes

Levels and vault maps discovered:
D:1:      dpeg_cavernosity, layout_basic, dk_noncrumbling_2
D:2:      layout_rooms, uniq_crazy_yiuf_cottage
D:3:      layout_loops_ring, elyvilon_altar_5, grunt_gozag_breadcrumbs
D:4:      kennysheep_goblin_castle, layout_loops_corners,
          minmay_temple_entry_tees
D:5:      layout_cave_pools, nicolae_qazlal_general_emergency, serial_shops,
          shop
D:6:      layout_basic, solitary_fountain, uniq_sigmund
Temple:   compressed_dpeg_circular_temple

Skill      XL: |  1  2  3  4  5  6  7  8 |
---------------+-------------------------+-----
Stealth        | 10 | 10.1
Invocations    | 1 2 3 |  3.5
Short Blades   | 1 2 3 |  3.2
Long Blades    | 1 2 3 |  3.2
Axes           | 1 2 3 |  3.2
Polearms       | 1 2 3 |  3.2
Staves         | 1 2 3 |  3.2
Slings         | 1 2 3 |  3.2
Bows           | 1 2 3 |  3.2
Crossbows      | 1 2 3 |  3.2
Throwing       | 1 2 3 |  3.2
Armour         | 1 2 3 |  3.2
Shields        | 1 2 3 |  3.2
Unarmed Combat | 1 2 3 |  3.2
Spellcasting   | 1 2 3 |  3.2
Evocations     | 1 2 3 |  3.2
Conjurations   | 1 2 |  2.6
Hexes          | 1 2 |  2.6
Summonings     | 1 2 |  2.6
Necromancy     | 1 2 |  2.6
Translocations | 1 2 |  2.6
Transmutations | 1 2 |  2.6
Fire Magic     | 1 2 |  2.6
Ice Magic      | 1 2 |  2.6
Air Magic      | 1 2 |  2.6
Earth Magic    | 1 2 |  2.6
Poison Magic   | 1 2 |  2.6
Maces & Flails | 5 |  5.6
Dodging        | 5 |  5.6
Fighting       | 7 |  7.3

Action                   |  1- 3 |  4- 6 |  7- 9 || total
-------------------------+-------+-------+-------++-------
Melee: Mace              |    50 |   149 |    86 ||   285
       Bite              |     4 |    12 |    11 ||    27
       Punch             |       |       |     1 ||     1
 Fire: Hunting sling     |       |    66 |    56 ||   122
Throw: Dart              |       |       |     1 ||     1
Evoke: Wand              |       |     2 |     4 ||     6
  Use: Scroll            |     2 |     5 |     2 ||     9
       Potion            |     1 |       |     1 ||     2
 Stab: Sleeping          |       |     7 |     1 ||     8
Armor: Leather armour    |    21 |    48 |    38 ||   107
Dodge: Dodged            |    42 |   112 |    68 ||   222

Table legend: (Time is in decaauts)
 A = Elapsed time spent in this place.
 B = Non-inter-level travel time spent in this place.
 C = Inter-level travel time spent in this place.
 D = Time resting spent in this place.
 E = Time spent auto-exploring this place.
 F = Levels seen in this place.
 G = Mean time per level.
                   A        B        C        D        E       F      G
               +--------+--------+--------+--------+--------+-----+--------+
         Total |   5901 |   5711 |    190 |    573 |   3891 |   7 |  843.0 |
       Dungeon |   5803 |   5651 |    152 |    573 |   3891 |   6 |  967.2 |
        Temple |     98 |     60 |     38 |      0 |      0 |   1 |   98.0 |
               +--------+--------+--------+--------+--------+-----+--------+

Top non-repeatable levels by time:
     D:4: 1928 daAuts
     D:5: 1153 daAuts
     D:1: 1021 daAuts
     D:2: 906 daAuts
     D:3: 762 daAuts
  Temple: 98 daAuts
     D:6: 31 daAuts
